AoeStats
← Kez

Four Lakes

508842764Analyzed
1v1 RM · 8d ago on Sep 24, 2026· 19m 9s· 2 players
Game mode
Random Map
Map size
Tiny (2 player)
Population
200
Speed
Normal
Resources
Standard
Victory
Conquest
Starting age
Dark Age
Ending age
Imperial Age
RankedLock teamsTeams togetherTeam positionsShared explorationLock speedFull tech treeHidden civsTurbo modeCheats
Victory
Defeat
🇳🇱 Inca · Netherlands
1330
+16
🇫🇷 Franks · France
1336
-16
Kez
8:07 Loom
10:40 Feudal Age
14:47 Castle Age
13:14 Fishing Lines
13:00 Champi Runner
13:59 Double-Bit Axe
16:47 Champi Warrior
17:37 Scale Mail Armor
18:22 Squires
Alexiỗs
7:42 Loom
10:20 Feudal Age
10:57 Double-Bit Axe
12:37 Fishing Lines
15:47 Forging
20:16 Castle Age
Connection lost

Rejoining the realm…

Still unreachable

The connection could not be restored.

Session expired

The server has moved on; the page needs a fresh start.